 Dungeon Crawl Stone Soup version 0.22-a0-117-g314b907 (webtiles) character file.

2687 sankara the Covert (level 9, 0/69 HPs)
             Began as a Vampire Berserker on Jan 29, 2018.
             Was a Priest of Trog.
             Slain by an orc warrior
             ... wielding a +0 halberd
              (19 damage)
             ... in a bailey on Jan 30, 2018.
             The game lasted 00:32:24 (7397 turns).

sankara the Covert (Vampire Berserker)              Turns: 7397, Time: 00:32:24

Health: 0/69       AC:  6    Str: 16    XL:     9   Next: 38%
Magic:  9/9        EV: 15    Int: 16    God:    Trog [***...]
Gold:   348        SH:  0    Dex: 16    Spells: 8/8 levels left

rFire    . . .     SeeInvis +   k - +0 hunting sling
rCold    + + .     Gourm    .   (no shield)
rNeg     + + .     Faith    .   r - +2 robe {rC+}
rPois    +         Spirit   .   p - +0 helmet
rElec    .         Reflect  .   (no cloak)
rCorr    .         Harm     .   (no gloves)
MR       .....                  c - +0 pair of boots
Stlth    ++++++....             (no amulet)
HPRegen  0.10/turn              m - ring of flight
MPRegen  0.11/turn              y - +6 ring of intelligence

@: regenerating slowly
A: fangs 3, see invisible, unbreathing
a: Bat Form, Berserk, Trog's Hand, Burn Spellbooks, Renounce Religion, Evoke
Flight


You were in a bailey.
You worshipped Trog.
Trog was most pleased with you.
You were thirsty.

You visited 1 branch of the dungeon, and saw 8 of its levels.
You also visited: Bailey.

You collected 348 gold pieces.

Inventory:

Hand Weapons
 a - a +0 falchion
 b - the +7 dagger of Nytiuras {protect, rF+ Int+4}
   (You found it on level 8 of the Dungeon)

   It protects the one who uses it against injury (+AC on strike).
   It affects your intelligence (+4).
   It protects you from fire.
 e - a +0 club
 k - a +0 hunting sling (weapon)
 t - a +0 dagger
 x - a +1 falchion of flaming
 D - a +2 short sword of electrocution
Missiles
 f - 187 stones (quivered)
 q - 15 poisoned needles
Armour
 c - a +0 pair of boots (worn)
 p - a +0 helmet (worn)
 r - a +2 robe of cold resistance (worn)
Jewellery
 m - a ring of flight (left hand)
 y - a +6 ring of intelligence (right hand)
Scrolls
 h - 2 scrolls of enchant weapon {unknown}
 j - 7 scrolls of remove curse
 n - a scroll of teleportation {unknown}
 o - 4 scrolls of identify
 A - a scroll of silence {unknown}
 C - a scroll of magic mapping {unknown}
 E - a scroll of enchant armour
Potions
 d - 3 potions of blood
 g - a potion of curing
 i - 2 potions of heal wounds
 l - 3 potions of flight
 s - 2 potions of cancellation
 u - 4 potions of invisibility
 v - 2 potions of degeneration {unknown}
 w - a potion of agility
 z - a potion of mutation {unknown}


   Skills:
 + Level 6.0 Fighting
 - Level 5.0 Long Blades
 + Level 5.7 Throwing
 - Level 1.5 Armour
 + Level 4.5 Dodging
 + Level 10.8 Stealth


You had 8 spell levels left.
You didn't know any spells.

Dungeon Overview and Level Annotations

Branches:
Dungeon (8/15)             Temple (0/1) D:5
   Lair: D:8-11

Altars:
Gozag
Hepliaklqana
Makhleb
Nemelex Xobeh
Ru
Trog
Uskayaw
Vehumet
Wu Jian
Xom
Yredelemnul
Zin
The Shining One

Shops:
D:5 }}


Innate Abilities, Weirdness & Mutations

You heal slowly.
You have razor-sharp teeth.
You have supernaturally acute eyesight. (SInv)
You can survive without breathing.


Message History

Press: ? - help, Shift-Dir - straight line, f/p - orc warrior
Aim: an orc warrior, wielding a halberd and wearing a chain mail (almost dead)
You shoot a stone.
The stone hits the orc warrior but does no damage.
The orc warrior is almost dead.
Firing (i - inventory):
f - 189 stones (quivered)
Press: ? - help, Shift-Dir - straight line, f/p - orc warrior
Aim: an orc warrior, wielding a halberd and wearing a chain mail (almost dead)
You shoot a stone.
The stone closely misses the orc warrior.
Firing (i - inventory):
f - 188 stones (quivered)
Press: ? - help, Shift-Dir - straight line, f/p - orc warrior
Aim: an orc warrior, wielding a halberd and wearing a chain mail (almost dead)
You shoot a stone.
The stone hits the orc warrior but does no damage.
The orc warrior is almost dead.
The orc warrior hits you from afar with a halberd!!
* * * LOW HITPOINT WARNING * * *
The orc warrior hits you from afar with a halberd!!
You die...

#########
.(......#
≈≈≈≈≈≈≈.#
..(.≈.#
#o≈.#
##(≈.#
##((≈@#
##((≈≈.#
#((≈≈.##
#((≈≈.∩#
##.(≈≈.#
##..≈.#
$$.##(≈.#
#####)≈.#
#####..≈.#


You could see an orc warrior.

Vanquished Creatures
  Pikel (D:6)
  Grinder (D:3)
  Sigmund (D:2)
  Eustachio (D:5)
  An ice beast (D:6)
  2 sky beasts (D:5)
  An orc warrior (D:6)
  2 slaves (D:6)
  2 black bears (D:6)
  2 phantoms
  2 bullfrogs
  A gnoll sergeant (D:5)
  6 killer bees (D:8)
  2 crimson imps (D:5)
  2 centaur zombies
  A hound (D:7)
  An orc priest (D:6)
  3 jellies
  An iguana (D:5)
  3 worker ants
  A hound zombie (D:6)
  Robin (D:3)
  3 adders
  4 gnolls (D:5)
  A shadow imp (D:6)
  9 oozes (D:3)
  An adder zombie (D:7)
  A dart slug (D:2)
  5 leopard geckos
  9 orcs
  8 bats
  6 giant cockroaches
  14 goblins
  9 hobgoblins
  2 jackals (D:4)
  3 frilled lizards
  12 kobolds
  6 rats
131 creatures vanquished.

Vanquished Creatures (others)
  A bullfrog (D:6)
  A hobgoblin (D:2)
  A quokka (D:6)
  A fungus (D:3)
  7 toadstools (D:3)
11 creatures vanquished.

Grand Total: 142 creatures vanquished

Notes
Turn   | Place    | Note
-------+----------+-------------------------------------------
     0 | D:1      | sankara the Vampire Berserker began the quest for the Orb.
     0 | D:1      | Reached XP level 1. HP: 17/17 MP: 1/1
   480 | D:1      | Reached skill level 1 in Stealth
   495 | D:1      | Reached XP level 2. HP: 6/23 MP: 2/2
  1432 | D:2      | Noticed Sigmund
  1459 | D:2      | Killed Sigmund
  1459 | D:2      | Reached skill level 1 in Throwing
  1459 | D:2      | Reached skill level 3 in Stealth
  1459 | D:2      | Reached XP level 3. HP: 18/29 MP: 3/3
  1459 | D:2      | Reached XP level 4. HP: 23/36 MP: 4/4
  1459 | D:2      | Reached XP level 5. HP: 26/41 MP: 5/5
  1589 | D:2      | Reached skill level 4 in Stealth
  1853 | D:2      | Found a glowing silver altar of Zin.
  1853 | D:2      | Found a shimmering altar of Xom.
  1853 | D:2      | Noticed an angel
  2088 | D:2      | Reached ** piety under Trog
  2527 | D:3      | Found an ornate altar of the Wu Jian Council.
  2529 | D:3      | Found a hazy altar of Hepliaklqana.
  2572 | D:3      | Noticed Grinder
  2572 | D:3      | Paralysed by Grinder for 2 turns
  2593 | D:3      | Killed Grinder
  2593 | D:3      | Reached skill level 5 in Stealth
  2593 | D:3      | Reached XP level 6. HP: 22/48 MP: 6/6
  3029 | D:3      | Noticed Robin
  3044 | D:3      | Killed Robin
  3451 | D:3      | Reached XP level 7. HP: 37/54 MP: 7/7
  3453 | D:3      | Reached *** piety under Trog
  3588 | D:3      | Found a radiant altar of Vehumet.
  3714 | D:3      | Found a sparkling altar of Nemelex Xobeh.
  4114 | D:4      | Found a sacrificial altar of Ru.
  4538 | D:5      | Entered Level 5 of the Dungeon
  4541 | D:5      | Found Wakko's Gadget Boutique.
  4615 | D:5      | Reached skill level 6 in Stealth
  4753 | D:5      | Found a glowing golden altar of the Shining One.
  4774 | D:5      | Found Mookhla's Gadget Shoppe.
  4868 | D:5      | Reached skill level 5 in Long Blades
  5088 | D:5      | Reached skill level 5 in Fighting
  5088 | D:5      | Reached skill level 7 in Stealth
  5156 | D:5      | Found a staircase to the Ecumenical Temple.
  5210 | D:5      | Reached XP level 8. HP: 42/62 MP: 8/8
  5336 | D:5      | Found a basalt altar of Yredelemnul.
  5336 | D:5      | Noticed Eustachio
  5420 | D:5      | Killed Eustachio
  5420 | D:5      | Reached skill level 8 in Stealth
  5768 | D:5      | Found a burning altar of Makhleb.
  6083 | D:6      | Reached skill level 9 in Stealth
  6250 | D:6      | Reached skill level 5 in Throwing
  6310 | D:6      | Found a bloodstained altar of Trog.
  6395 | D:6      | Noticed Pikel
  6406 | D:6      | Killed Pikel
  6406 | D:6      | Reached skill level 10 in Stealth
  6406 | D:6      | Reached XP level 9. HP: 41/69 MP: 9/9
  7008 | D:7      | You fall through a shaft!
  7008 | D:8      | Found an opulent altar of Gozag.
  7028 | D:8      | Got a twisted dagger
  7033 | D:8      | Identified the +7 dagger of Nytiuras {protect, rF+ Int+4} (You found it on level 8 of the Dungeon)
  7279 | D:8      | Found a hide-covered altar of Uskayaw.
  7288 | D:7      | Found a flagged portal.
  7299 | Bailey   | Entered a bailey
  7397 | Bailey   | Slain by an orc warrior

Vault maps used:
D:1:      dpeg_arrival_morbid_curiosity, hangedman_decor_peaks_small,
          minmay_misc_feat_ornament, minivault_23, kennysheep_small_spiral
D:2:      grunt_temple_overflow_order_and_chaos_1, uniq_sigmund
D:3:      cheibrodos_fertilizer, nemelex_xobeh_ov_fountains_minmay,
          vehumet_crystals, grunt_temple_overflow_open, uniq_grinder, uniq_robin
D:4:      hangedman_ru_absence, first_ration
D:5:      kennysheep_mini, tso_oasis_becter, minmay_temple_entry_hall,
          serial_shops, shop, nicolae_shop_window_shopping,
          roderic_roman_lattice, yredelemnul_altar_generic, uniq_eustachio
D:6:      trog_ov_bears_minmay, uniq_pikel
D:7:      enter_bailey_2, the_bakery, minmay_gold_behind_fungi,
          kennysheep_minor_cross, tso_metal_star
D:8:      grunt_gozag_statues, eat_drink_and_be_merry_uskayaw,
          minmay_fountain_box
Bailey:   bailey_polearm_1, bailey

Skill      XL: |  1  2  3  4  5  6  7  8  9 |
---------------+----------------------------+-----
Stealth        | 1 3 5 7 10 | 10.8
Fighting       | 3 4 5 6 |  6.0
Throwing       | 1 2 3 5 |  5.7
Long Blades    | 4 5 |  5.0
Dodging        | 3 4 |  4.5
Armour         | |  1.5

Action                   |  1- 3 |  4- 6 |  7- 9 || total
-------------------------+-------+-------+-------++-------
Melee: Falchion          |    26 |   101 |    19 ||   146
       Bite              |    10 |    15 |    25 ||    50
       Dagger            |    16 |    41 |    38 ||    95
       Short sword       |       |       |   149 ||   149
 Fire: Hunting sling     |       |       |    44 ||    44
Throw: Stone             |       |     5 |       ||     5
Invok: Berserk           |     1 |     4 |     4 ||     9
       Trog's Hand       |       |     1 |     3 ||     4
  Use: Scroll            |     3 |     2 |     6 ||    11
       Potion            |     1 |     9 |    20 ||    30
 Stab: Sleeping          |     2 |    10 |    14 ||    26
       Invisible         |     1 |       |       ||     1
       Distracted        |       |       |     3 ||     3
Armor: Animal skin       |     2 |       |       ||     2
       Robe              |     1 |    29 |    37 ||    67
Dodge: Dodged            |    34 |    83 |   125 ||   242
       Rpst.: Falchion   |     7 |    16 |    10 ||    33

Table legend:
 A = Spawn XP
 B = Non-spawn XP
 C = Spawn XP percentage of total XP
 D = Spawn monster count
 E = Non-spawn monster count
 F = Spawn count percentage of total count
 G = Total turns spent on level
                    A         B        C        D         E        F      G
               +---------+---------+-------+---------+---------+-------+---------
         Total |       0 |    3839 |   0.0 |       0 |     129 |   0.0 |  7397
               +---------+---------+-------+---------+---------+-------+---------
           D:1 |       0 |      21 |   0.0 |       0 |      12 |   0.0 |  1530
           D:2 |       0 |     283 |   0.0 |       0 |      23 |   0.0 |   989
           D:3 |       0 |     471 |   0.0 |       0 |      42 |   0.0 |  1353
           D:4 |       0 |      10 |   0.0 |       0 |       5 |   0.0 |   666
           D:5 |       0 |    1050 |   0.0 |       0 |      21 |   0.0 |  1432
           D:6 |       0 |    1418 |   0.0 |       0 |      14 |   0.0 |  1003
           D:7 |       0 |     137 |   0.0 |       0 |       3 |   0.0 |    48
           D:8 |       0 |     446 |   0.0 |       0 |       8 |   0.0 |   278
        Bailey |       0 |       3 |   0.0 |       0 |       1 |   0.0 |    98
               +---------+---------+-------+---------+---------+-------+---------
